 Dungeon Crawl Stone Soup version 0.24-a0-493-g7e4ddcd485 (webtiles) character file.

Game seed: 14055606860563924354

149 RedPan the Insei (level 5, -3/41 HPs)
             Began as a Demonspawn Monk on July 12, 2019.
             Killed by divine providence
             ... invoked by an orc priest
              (16 damage)
             ... on level 3 of the Dungeon.
             The game lasted 00:07:23 (2575 turns).

RedPan the Insei (Demonspawn Monk)                  Turns: 2575, Time: 00:07:23

Health: -3/41      AC:  5    Str: 12    XL:     5   Next: 9%
Magic:  5/5        EV: 12    Int: 11    God:
Gold:   159        SH:  8    Dex: 16    Spells: 4/4 levels left

rFire    . . .     SeeInvis .     - Unarmed
rCold    . . .     Gourm    .   q - +0 buckler
rNeg     . . .     Faith    .   r - +0 leather armour
rPois    .         Spirit   .   i - +1 helmet
rElec    .         Reflect  .   (no cloak)
rCorr    .         Harm     .   (no gloves)
MR       .....                  (no boots)
Stlth    ++........             (no amulet)
HPRegen  0.13/turn              l - ring of wizardry
MPRegen  0.09/turn              (no ring)

@: no status effects
A: large bone plates 1
a: no special abilities


You were on level 3 of the Dungeon.
You were hungry.

You visited 1 branch of the dungeon, and saw 3 of its levels.

You collected 159 gold pieces.

Inventory:

Armour
 a - a +0 robe
 i - a +1 helmet (worn)
 q - a +0 buckler (worn)
 r - a +0 leather armour (worn)
Jewellery
 h - a +4 amulet of reflection {unknown}
 l - a ring of wizardry (left hand)
 o - an uncursed ring of magical power {unknown}
Wands
 t - a wand of polymorph (5)
Scrolls
 f - a scroll of remove curse
 g - 3 scrolls of enchant weapon
 m - a scroll of amnesia {unknown}
 p - a scroll of enchant armour
Potions
 c - a potion of berserk rage
 d - a potion of heal wounds
 e - 2 potions of lignification
 k - a potion of haste {unknown}
 n - a potion of flight {unknown}
 s - a potion of magic {unknown}
Comestibles
 b - 3 rations
 j - 11 chunks of flesh


   Skills:
 - Level 3.0 Fighting
 - Level 2.0 Armour
 - Level 3.0 Dodging
 - Level 2.0 Stealth
 + Level 1.2 Shields
 + Level 4.2 Unarmed Combat


You had 4 spell levels left.
You didn't know any spells.
Your spell library was empty.

Dungeon Overview and Level Annotations

Branches:
Dungeon (3/15)

Altars:
Dithmenos
Hepliaklqana


Innate Abilities, Weirdness & Mutations

You are partially covered in large bone plates. (SH +4)


Message History

The giant cockroach bites you.
You hit the giant cockroach.
You kill the giant cockroach!
The ooze hits you but does no damage.
You punch the orc!
You kill the orc!
You block the ooze's attack. The orc hits you with a +0 whip.
Items here: = [ †† a +0 ring mail; a +3 ring of dexterity; an orc corpse; a giant cockroach corpse You punch the orc!
You kill the orc!
You closely miss the orc priest. The ooze barely misses you.
The orc priest mumbles some strange prayers to Beogh against you.
Beogh smites you! The ooze hits you but does no damage.
You completely miss the orc priest.
You are feeling hungry.
The orc priest calls down the wrath of Beogh upon you.
Beogh smites you!
You die...

..#.....#
##.#.............#
..#.....#
#..##.#.........#
###.....#
##.##.#.#########
,*####### #o÷..#.#
,,* #.##.#.#
*,****** #..#.#.#
,,,*,*,* #..#.#.#
,*,,*,** #o.#J#.#
***,,*,*#####.o#@#.#
*,**,,**#......#o#.#
,,,**,,*#........#.#
,,,,**,*#.......)#.#
,,,**,,*#.......<#.#
*,**,,**#.......>#.#
*,*,,*,*#..<.......#
,,,,*,**#......#####
,,,*,*,*###.......#


You could see an orc priest and an ooze.

Vanquished Creatures
  Ijyb (D:3)
  A gnoll (D:1)
  5 adders (D:2)
  2 dart slugs
  4 leopard geckos (D:1)
  5 orcs (D:3)
  A ball python (D:2)
  3 giant cockroaches
  5 goblins
  4 hobgoblins
  4 jackals (D:3)
  A quokka (D:3)
  8 bats
  3 frilled lizards
  4 kobolds
  A leopard gecko skeleton (D:3)
  6 rats
58 creatures vanquished.

Notes
Turn   | Place    | Note
-------+----------+-------------------------------------------
     0 | D:1      | RedPan the Demonspawn Monk began the quest for the Orb.
     0 | D:1      | Reached XP level 1. HP: 18/18 MP: 1/1
    82 | D:1      | Gained mutation: You are partially covered in large bone
                  | plates. (SH +4) [demonic ancestry]
    82 | D:1      | Reached XP level 2. HP: 24/24 MP: 2/2
   192 | D:1      | Reached skill level 3 in Unarmed Combat
   804 | D:1      | Reached XP level 3. HP: 20/29 MP: 3/3
  1054 | D:2      | Reached skill level 1 in Armour
  1381 | D:2      | Reached XP level 4. HP: 35/35 MP: 4/4
  1556 | D:2      | Found a hazy altar of Hepliaklqana.
  2148 | D:3      | Found a shadowy altar of Dithmenos.
  2351 | D:3      | Reached skill level 4 in Unarmed Combat
  2453 | D:3      | Noticed Ijyb
  2500 | D:3      | Killed Ijyb
  2500 | D:3      | Reached skill level 1 in Shields
  2500 | D:3      | Reached XP level 5. HP: 36/41 MP: 5/5
  2575 | D:3      | Killed from afar by an orc priest

Levels and vault maps discovered:
D:1:      lightli_arrival_noodles, layout_basic
D:2:      layout_loops_cross, nicolae_overflow_hidden_temple
D:3:      minmay_diamond_boxcup, layout_basic,
          grunt_dithmenos_smoke_and_mirrors, feat_on_display, uniq_ijyb

Skill      XL: |  1  2  3  4 |
---------------+-------------+-----
Stealth        | 2 |  2.0
Unarmed Combat | 3 4 |  4.2
Dodging        | 3 |  3.0
Armour         | 1 2 |  2.0
Shields        | 1 |  1.2
Fighting       | |  3.0

Action                   |  1- 3 |  4- 6 || total
-------------------------+-------+-------++-------
Melee: Unarmed           |   104 |   137 ||   241
       Punch             |     3 |       ||     3
  Use: Scroll            |     5 |     4 ||     9
 Stab: Sleeping          |     7 |     4 ||    11
       Confused          |       |     2 ||     2
  Eat: Chunk             |     1 |     4 ||     5
Armor: Robe              |    17 |    15 ||    32
       Leather armour    |       |    17 ||    17
       Skin              |       |     1 ||     1
Dodge: Dodged            |    60 |    89 ||   149
Block: Other             |    11 |     4 ||    15
       Buckler           |       |    38 ||    38

Table legend:
 A = Non-vault XP
 B = Vault XP
 C = Vault XP percentage of total XP
 D = Non-vault monster count
 E = Vault monster count
 F = Vault count percentage of total count
                 A         B        C        D         E       F
            +---------+---------+-------+---------+---------+-------
      Total |     178 |      36 |  16.8 |      57 |       1 |   1.7
            +---------+---------+-------+---------+---------+-------
        D:1 |      50 |       0 |   0.0 |      19 |       0 |   0.0
        D:2 |      89 |       0 |   0.0 |      19 |       0 |   0.0
        D:3 |      39 |      36 |  48.0 |      19 |       1 |   5.0
            +---------+---------+-------+---------+---------+-------
